 Dungeon Crawl Stone Soup version 0.21.1-1-g345015fe64 (webtiles) character file.

540 RepoMan the Covert (level 7, -6/34 HPs)
             Began as a Vine Stalker Assassin on Apr 22, 2018.
             Was a Follower of Dithmenos.
             Mangled by an orc warrior
             ... wielding a +0 halberd
              (22 damage)
             ... on level 6 of the Dungeon.
             The game lasted 00:29:12 (3306 turns).

RepoMan the Covert (Vine Stalker Assassin)          Turns: 3306, Time: 00:29:13

Health: -6/34      AC:  4    Str: 13    XL:     7   Next: 26%
Magic:  0/8        EV: 17    Int: 11    God:    Dithmenos [*.....]
Gold:   208        SH:  0    Dex: 18    Spells: 6/6 levels left

rFire    + . .     SeeInvis .   v - +2 dagger (venom)
rCold    . . .     Gourm    .   (no shield)
rNeg     . . .     Faith    .   z - +0 robe
rPois    .         Spirit   +   (no helmet)
rElec    .         Reflect  .   d - +0 cloak
rCorr    .         Harm     .   (no gloves)
MR       .....                  u - +0 pair of boots
Stlth    +++++.....             (no amulet)
HPRegen  0.51/turn              r - ring of protection from fire
MPRegen  0.11/turn              t - +3 ring of evasion

@: wreathed by umbra
A: fangs 2, regeneration 1, magic shield, antimagic bite, no potion heal 3, rot
immunity
a: Renounce Religion


You were on level 6 of the Dungeon.
You worshipped Dithmenos.
Dithmenos was aware of your devotion.
You were not hungry.

You visited 1 branch of the dungeon, and saw 6 of its levels.

You collected 208 gold pieces.

Inventory:

Hand Weapons
 a - a +2 dagger
 b - a +0 blowgun
 v - a +2 dagger of venom (weapon)
Missiles
 e - 8 poisoned needles
 f - 8 curare-tipped needles
Armour
 d - a +0 cloak (worn)
 u - a +0 pair of boots (worn)
 z - a +0 robe (worn)
Jewellery
 c - a +4 ring of slaying {unknown}
 r - a ring of protection from fire (left hand)
 t - a +3 ring of evasion (right hand)
Wands
 y - a wand of iceblast (9)
Scrolls
 m - a scroll of identify
 n - 2 scrolls of magic mapping
Potions
 h - 5 potions of curing
 k - 2 potions of flight
 o - 2 potions of agility
 p - a potion of brilliance
 q - 2 potions of haste
 w - 2 potions of lignification {unknown}
Comestibles
 g - 8 rations


   Skills:
 - Level 1.7 Fighting
 + Level 3.7 Short Blades
 - Level 1.7 Throwing
 + Level 3.0 Dodging
 * Level 8.5 Stealth


You had 6 spell levels left.
You didn't know any spells.

Dungeon Overview and Level Annotations

Branches:
Dungeon (6/15)
 Temple: D:4-7

Altars:
Dithmenos
Elyvilon
Hepliaklqana
Okawaru
Ru
Sif Muna
Trog


Innate Abilities, Weirdness & Mutations

You have extremely sharp teeth.
Your natural rate of healing is unusually fast.
When hurt, damage is shared between your health and your magic reserves.
Your bite disrupts and absorbs the magic of your enemies.
Potions cannot restore your health.
You are immune to rotting.


Message History

Aim: an orc warrior, wielding a halberd and wearing a plate armour (lightly wounded)
The mass of ice explodes!
The iceblast engulfs something.
Dithmenos accepts your kill.
Dithmenos appreciates your extinguishing a source of fire.
Reactivating autopickup.
You feel a bit more experienced.
The iceblast engulfs the orc.
You kill the orc!
Dithmenos accepts your kill.
The iceblast engulfs the orc warrior.
The orc warrior is moderately wounded.
The iceblast engulfs you!
The iceblast engulfs the orc wizard.
You kill the orc wizard!
Dithmenos accepts your kill.
Dithmenos appreciates your extinguishing a source of fire.
Your Dodging skill increases to level 3!
The orc warrior barely misses you.
Unknown command.
The orc warrior hits you with a halberd!!
Ouch! That really hurt!
You die...

##########
#........##.
#...........
#.........#
#.........#.
#...........
#...o)......
#@# #####.#
#.....#
##.#########
#...........
###......#..
#.###......#.#
#..........#.#
#####......#.#


You could see an orc warrior.

Vanquished Creatures
  A sky beast (D:5)
  A bullfrog skeleton (D:5)
  2 jellies (D:5)
  A hound (D:4)
  An iguana (D:4)
  2 worker ants (D:4)
  2 orc wizards (D:6)
  A worker ant zombie (D:5)
  9 adders
  3 oozes
  2 adder skeletons (D:4)
  3 worms (D:3)
  2 dart slugs (D:1)
  4 leopard geckos
  6 orcs
  4 ball pythons
  A giant cockroach (D:3)
  10 hobgoblins
  10 kobolds
  2 quokkas
  2 bats
  2 frilled lizards (D:1)
  4 goblins
  8 rats
  A fungus (D:2)
84 creatures vanquished.

Notes
Turn   | Place    | Note
-------+----------+-------------------------------------------
     0 | D:1      | RepoMan the Vine Stalker Assassin began the quest for the Orb.
     0 | D:1      | Reached XP level 1. HP: 11/11 MP: 2/2
    65 | D:1      | Reached skill level 5 in Stealth
   152 | D:1      | Reached skill level 1 in Dodging
   155 | D:1      | Reached XP level 2. HP: 15/15 MP: 3/3
   690 | D:1      | Reached XP level 3. HP: 18/18 MP: 4/4
  1215 | D:2      | Reached skill level 6 in Stealth
  1215 | D:2      | Gained mutation: Your natural rate of healing is unusually fast. [Vine Stalker growth]
  1215 | D:2      | Reached XP level 4. HP: 23/23 MP: 5/5
  1244 | D:2      | Found a hazy altar of Hepliaklqana.
  1298 | D:2      | Found a sacrificial altar of Ru.
  2000 | D:3      | Reached XP level 5. HP: 26/26 MP: 6/6
  2015 | D:3      | Found a bloodstained altar of Trog.
  2086 | D:3      | Found a shadowy altar of Dithmenos.
  2112 | D:3      | Became a worshipper of Dithmenos the Shadowed
  2353 | D:4      | Reached skill level 7 in Stealth
  2568 | D:4      | Reached XP level 6. HP: 28/30 MP: 7/7
  2659 | D:4      | Found an iron altar of Okawaru.
  2678 | D:4      | Noticed a phantom
  2815 | D:5      | Entered Level 5 of the Dungeon
  2842 | D:5      | Found a white marble altar of Elyvilon.
  2852 | D:5      | Noticed an ice beast
  2852 | D:5      | Noticed an ice beast
  2954 | D:5      | Noticed a sky beast
  2957 | D:5      | Found a deep blue altar of Sif Muna.
  2970 | D:5      | Killed a sky beast
  2970 | D:5      | Reached skill level 8 in Stealth
  3060 | D:5      | Reached XP level 7. HP: 18/34 MP: 5/8
  3200 | D:5      | Got a twisted falchion
  3203 | D:5      | Reached * piety under Dithmenos
  3208 | D:5      | Identified the +5 falchion of Fugibb {flame, rN+} (You found it on level 5 of the Dungeon)
  3306 | D:6      | Mangled by an orc warrior

Skill      XL: |  1  2  3  4  5  6  7 |
---------------+----------------------+-----
Stealth        | 5 6 7 8 |  8.5
Dodging        | 1 2 3 |  3.0
Short Blades   | 2 3 |  3.7
Fighting       | |  1.7
Throwing       | |  1.7

Action                   |  1- 3 |  4- 6 |  7- 9 || total
-------------------------+-------+-------+-------++-------
Melee: Dagger            |    75 |   131 |    17 ||   223
       Bite              |    21 |    43 |     3 ||    67
 Fire: Blowgun           |     1 |     5 |       ||     6
Throw: Stone             |     1 |       |       ||     1
Evoke: Wand              |       |       |     2 ||     2
  Use: Scroll            |       |     7 |     2 ||     9
       Potion            |       |     2 |       ||     2
 Stab: Sleeping          |     9 |    14 |     1 ||    24
  Eat: Chunk             |     1 |     5 |       ||     6
       Ration            |       |       |     1 ||     1
Armor: Robe              |    11 |    14 |     1 ||    26
Dodge: Dodged            |    24 |    41 |    11 ||    76
